[ AOE2 MATCH · #513730335 ]
UnrankedLithuanians vs Incas
Rival team · WIN
[ REPLAY ANALYSIS · EXTRACTED FROM THE RECORDED GAME ]
Feudal
10:44
Castle
29:22
Imperial
—
| APM avg | 72.4 |
| APM peak | 127 |
| eAPM avg | 29.6 |
| Villagers / military | 96 / 48 |
Focus
⚔️ 26.2% · 🌾 73.8%
Skirmisher ×22 · Cavalry Archer ×11 · Militia ×9 · Archer ×5 · Mangonel ×1
Feudal
12:06
Castle
28:58
Imperial
—
| APM avg | 56.9 |
| APM peak | 85 |
| eAPM avg | 24.1 |
| Villagers / military | 85 / 22 |
Focus
⚔️ 31.5% · 🌾 68.5%
Unknown (2550) ×25 · Archer ×14 · Mangonel ×3 · Spearman ×2 · Monk ×1 · Scorpion ×1
Match map
Initial resources + every placement click. Lines = walls · curves = elevation contours. ◆ gold · ⬟ stone · ● berries · ✦ relic · ◌ wall gap
Your base· Open — unwalled flank
Soloarqueros's base· Open — 4t gap
Smoothed initial terrain · ◌ = detected wall gap · hover for details
Inputs per minute
— justcaem - - Soloarqueros
Build order — justcaem
First 150 of 232 actions detected
| 0:00 | Queue | Villager (Male) |
| 0:00 | Queue | Villager (Male) |
| 0:01 | Queue | Villager (Male) |
| 0:01 | Queue | Villager (Male) |
| 0:02 | Build | House |
| 0:04 | Build | House |
| 0:10 | Queue | Villager (Male) |
| 0:10 | Queue | Villager (Male) |
| 0:10 | Queue | Villager (Male) |
| 1:33 | Queue | Villager (Male) |
| 1:33 | Queue | Villager (Male) |
| 2:03 | Queue | Villager (Male) |
| 2:16 | Queue | Villager (Male) |
| 2:21 | Build | Mill |
| 2:32 | Queue | Villager (Male) |
| 2:34 | Research | Loom |
| 2:36 | Queue | Villager (Male) |
| 2:36 | Queue | Villager (Male) |
| 2:36 | Queue | Villager (Male) |
| 3:09 | Queue | Villager (Male) |
| 3:24 | Build | House |
| 4:02 | Queue | Villager (Male) |
| 4:02 | Queue | Villager (Male) |
| 4:26 | Queue | Villager (Male) |
| 5:02 | Queue | Villager (Male) |
| 5:03 | Queue | Villager (Male) |
| 5:03 | Queue | Villager (Male) |
| 5:35 | Queue | Villager (Male) |
| 5:35 | Queue | Villager (Male) |
| 5:54 | Build | Mill |
| 5:58 | Queue | Villager (Male) |
| 5:58 | Queue | Villager (Male) |
| 6:22 | Build | House |
| 6:27 | Queue | Villager (Male) |
| 7:13 | Queue | Villager (Male) |
| 7:20 | Build | Lumber Camp |
| 7:34 | Queue | Villager (Male) |
| 8:23 | Build | Palisade Wall |
| 8:31 | Queue | Villager (Male) |
| 8:34 | Research | Feudal Age |
| 8:35 | Build | Palisade Wall |
| 8:36 | Build | Palisade Wall |
| 8:50 | Queue | Villager (Male) |
| 9:11 | Build | Mining Camp |
| 9:12 | Build | Palisade Wall |
| 9:13 | Build | Palisade Wall |
| 9:49 | Build | Palisade Wall |
| 9:50 | Build | Palisade Wall |
| 9:56 | Queue | Villager (Male) |
| 9:59 | Build | House |
| 10:11 | Build | Farm |
| 10:14 | Build | Farm |
| 10:18 | Build | Farm |
| 10:27 | Build | Farm |
| 10:29 | Build | Palisade Wall |
| 10:33 | Build | Palisade Wall |
| 10:34 | Build | Palisade Wall |
| 10:38 | Queue | Villager (Male) |
| 10:44 | Age | Feudal Age |
| 10:55 | Build | Barracks |
| 11:17 | Build | Farm |
| 11:19 | Queue | Villager (Male) |
| 11:24 | Build | House |
| 11:27 | Build | Palisade Wall |
| 11:34 | Build | Palisade Wall |
| 11:37 | Build | Palisade Wall |
| 11:39 | Queue | Villager (Male) |
| 11:46 | Build | Farm |
| 12:03 | Build | Farm |
| 12:07 | Queue | Villager (Male) |
| 12:12 | Build | Farm |
| 12:27 | Build | Farm |
| 12:36 | Build | House |
| 12:45 | Queue | Villager (Male) |
| 12:52 | Build | Farm |
| 13:05 | Research | Man-at-Arms (upgrade) |
| 13:19 | Queue | Villager (Male) |
| 13:29 | Build | Mill |
| 13:45 | Queue | Villager (Male) |
| 13:45 | Queue | Villager (Male) |
| 13:53 | Queue | Militia |
| 13:53 | Queue | Militia |
| 14:13 | Queue | Villager (Male) |
| 14:36 | Build | Archery Range |
| 14:37 | Queue | Militia |
| 15:21 | Queue | Villager (Male) |
| 15:27 | Queue | Militia |
| 15:28 | Queue | Villager (Male) |
| 15:30 | Queue | Villager (Male) |
| 15:30 | Queue | Villager (Male) |
| 15:40 | Queue | Villager (Male) |
| 15:46 | Queue | Militia |
| 16:02 | Build | Archery Range |
| 16:09 | Queue | Villager (Male) |
| 16:12 | Build | Farm |
| 16:12 | Build | Farm |
| 16:12 | Build | Farm |
| 16:12 | Build | Farm |
| 16:13 | Build | Farm |
| 16:13 | Build | Farm |
| 16:14 | Queue | Villager (Male) |
| 16:23 | Build | Watch Tower |
| 16:30 | Build | Watch Tower |
| 16:38 | Queue | Villager (Male) |
| 16:51 | Queue | Militia |
| 16:51 | Queue | Militia |
| 16:55 | Queue | Militia |
| 17:04 | Queue | Villager (Male) |
| 17:15 | Queue | Villager (Male) |
| 17:24 | Queue | Villager (Male) |
| 17:33 | Queue | Skirmisher |
| 17:33 | Queue | Skirmisher |
| 17:33 | Queue | Skirmisher |
| 17:34 | Queue | Villager (Male) |
| 17:42 | Build | Blacksmith |
| 17:44 | Build | House |
| 17:50 | Queue | Villager (Male) |
| 17:54 | Queue | Skirmisher |
| 18:01 | Queue | Villager (Male) |
| 18:14 | Queue | Skirmisher |
| 18:18 | Queue | Villager (Male) |
| 18:30 | Research | Fletching |
| 18:31 | Research | Fletching |
| 18:45 | Queue | Skirmisher |
| 18:52 | Queue | Skirmisher |
| 18:55 | Queue | Villager (Male) |
| 19:02 | Build | Mining Camp |
| 19:15 | Queue | Skirmisher |
| 19:16 | Queue | Villager (Male) |
| 19:22 | Build | House |
| 19:26 | Queue | Villager (Male) |
| 19:31 | Research | Wheelbarrow |
| 19:44 | Queue | Villager (Male) |
| 19:45 | Queue | Skirmisher |
| 19:53 | Queue | Villager (Male) |
| 19:55 | Queue | Villager (Male) |
| 19:58 | Queue | Skirmisher |
| 20:05 | Queue | Villager (Male) |
| 20:19 | Build | Palisade Wall |
| 20:22 | Queue | Skirmisher |
| 20:33 | Queue | Villager (Male) |
| 20:36 | Queue | Villager (Male) |
| 20:43 | Queue | Villager (Male) |
| 20:45 | Build | House |
| 21:20 | Queue | Villager (Male) |
| 21:27 | Queue | Villager (Male) |
| 21:32 | Build | Farm |
| 21:51 | Queue | Skirmisher |
| 22:00 | Build | House |
| 22:04 | Build | Lumber Camp |
Build order — Soloarqueros
First 150 of 213 actions detected
| 0:00 | Queue | Villager (Male) |
| 0:01 | Queue | Villager (Male) |
| 0:01 | Queue | Villager (Male) |
| 0:01 | Queue | Villager (Male) |
| 0:03 | Build | House |
| 0:04 | Build | House |
| 1:10 | Research | Loom |
| 1:13 | Queue | Villager (Male) |
| 1:40 | Queue | Villager (Male) |
| 2:14 | Queue | Villager (Male) |
| 2:47 | Build | Palisade Wall |
| 2:55 | Build | Palisade Wall |
| 3:13 | Queue | Villager (Male) |
| 3:13 | Queue | Villager (Male) |
| 3:17 | Queue | Villager (Male) |
| 3:19 | Queue | Villager (Male) |
| 3:47 | Queue | Villager (Male) |
| 4:07 | Queue | Villager (Male) |
| 4:11 | Queue | Villager (Male) |
| 4:26 | Queue | Villager (Male) |
| 5:07 | Queue | Villager (Male) |
| 5:18 | Queue | Villager (Male) |
| 6:01 | Queue | Villager (Male) |
| 6:10 | Queue | Villager (Male) |
| 6:13 | Build | Barracks |
| 6:15 | Queue | Villager (Male) |
| 6:31 | Queue | Villager (Male) |
| 6:47 | Queue | Villager (Male) |
| 6:57 | Queue | Unit 2550 |
| 6:57 | Queue | Unit 2550 |
| 7:03 | Queue | Villager (Male) |
| 8:00 | Queue | Villager (Male) |
| 8:21 | Queue | Villager (Male) |
| 8:24 | Queue | Villager (Male) |
| 8:33 | Queue | Villager (Male) |
| 8:39 | Queue | Villager (Male) |
| 8:53 | Queue | Villager (Male) |
| 8:53 | Queue | Villager (Male) |
| 8:57 | Queue | Villager (Male) |
| 8:59 | Queue | Villager (Male) |
| 9:22 | Build | Settlement |
| 9:31 | Queue | Villager (Male) |
| 9:56 | Research | Feudal Age |
| 10:28 | Build | Farm |
| 10:42 | Build | Farm |
| 10:59 | Build | Farm |
| 11:13 | Build | Farm |
| 11:17 | Queue | Villager (Male) |
| 11:41 | Build | Farm |
| 11:49 | Build | Farm |
| 12:06 | Age | Feudal Age |
| 12:09 | Queue | Spearman |
| 12:19 | Research | Double-Bit Axe |
| 12:24 | Queue | Villager (Male) |
| 12:31 | Build | Archery Range |
| 12:37 | Build | Farm |
| 12:41 | Queue | Villager (Male) |
| 12:43 | Build | Farm |
| 13:17 | Queue | Villager (Male) |
| 13:27 | Build | Settlement |
| 13:38 | Build | Watch Tower |
| 13:39 | Queue | Villager (Male) |
| 13:41 | Queue | Skirmisher |
| 13:42 | Build | House |
| 13:50 | Queue | Spearman |
| 14:21 | Queue | Villager (Male) |
| 14:25 | Build | House |
| 14:29 | Build | Watch Tower |
| 14:41 | Build | Watch Tower |
| 14:44 | Queue | Villager (Male) |
| 14:49 | Queue | Villager (Male) |
| 15:04 | Build | Palisade Wall |
| 15:31 | Queue | Villager (Male) |
| 15:38 | Queue | Villager (Male) |
| 16:00 | Queue | Villager (Male) |
| 16:06 | Build | Watch Tower |
| 16:11 | Build | Archery Range |
| 16:12 | Build | House |
| 16:13 | Queue | Archer |
| 16:24 | Queue | Villager (Male) |
| 16:30 | Build | Blacksmith |
| 16:33 | Build | Farm |
| 16:34 | Queue | Archer |
| 16:54 | Build | Watch Tower |
| 17:00 | Build | House |
| 17:14 | Queue | Villager (Male) |
| 17:17 | Queue | Villager (Male) |
| 17:18 | Queue | Archer |
| 17:18 | Queue | Archer |
| 17:21 | Build | House |
| 17:42 | Queue | Villager (Male) |
| 17:42 | Queue | Archer |
| 17:43 | Queue | Archer |
| 17:50 | Build | House |
| 18:05 | Queue | Villager (Male) |
| 18:09 | Build | Farm |
| 18:10 | Queue | Archer |
| 18:10 | Queue | Archer |
| 18:37 | Queue | Villager (Male) |
| 18:46 | Queue | Villager (Male) |
| 18:46 | Queue | Archer |
| 18:46 | Queue | Archer |
| 19:10 | Build | Watch Tower |
| 19:11 | Queue | Villager (Male) |
| 19:14 | Build | Farm |
| 19:16 | Build | Farm |
| 19:16 | Build | Farm |
| 19:18 | Queue | Archer |
| 19:31 | Build | House |
| 19:34 | Queue | Unit 2550 |
| 19:34 | Queue | Unit 2550 |
| 19:34 | Queue | Unit 2550 |
| 20:02 | Queue | Villager (Male) |
| 20:03 | Build | Farm |
| 20:05 | Build | Farm |
| 20:08 | Queue | Archer |
| 20:21 | Queue | Villager (Male) |
| 20:37 | Build | Watch Tower |
| 20:40 | Build | Farm |
| 20:41 | Queue | Villager (Male) |
| 20:52 | Research | Fletching |
| 21:05 | Queue | Villager (Male) |
| 21:17 | Queue | Villager (Male) |
| 21:33 | Build | Watch Tower |
| 21:39 | Queue | Villager (Male) |
| 21:47 | Queue | Villager (Male) |
| 21:55 | Queue | Archer |
| 21:55 | Queue | Archer |
| 22:19 | Queue | Villager (Male) |
| 22:22 | Build | Farm |
| 22:25 | Queue | Villager (Male) |
| 22:28 | Queue | Villager (Male) |
| 23:06 | Queue | Villager (Male) |
| 23:15 | Build | Settlement |
| 23:16 | Queue | Villager (Male) |
| 23:42 | Queue | Villager (Male) |
| 23:53 | Build | Settlement |
| 23:55 | Queue | Villager (Male) |
| 24:03 | Queue | Unit 2550 |
| 24:11 | Build | House |
| 24:12 | Build | House |
| 24:28 | Build | House |
| 24:44 | Build | Palisade Wall |
| 24:46 | Build | Palisade Wall |
| 24:52 | Build | Farm |
| 25:02 | Build | Farm |
| 25:06 | Build | Watch Tower |
| 25:09 | Queue | Villager (Male) |
| 25:22 | Build | Market |
| 25:55 | Queue | Villager (Male) |
Match timeline
| 2:47 | Soloarqueros · wall_segment Palisade Wall x1 |
| 2:55 | Soloarqueros · wall_segment Palisade Wall x1 |
| 6:13 | Soloarqueros · first_building Barracks |
| 8:23 | justcaem · wall_segment Palisade Wall x1 |
| 8:35 | justcaem · wall_segment Palisade Wall x1 |
| 8:36 | justcaem · wall_segment Palisade Wall x1 |
| 9:12 | justcaem · wall_segment Palisade Wall x1 |
| 9:13 | justcaem · wall_segment Palisade Wall x1 |
| 9:49 | justcaem · wall_segment Palisade Wall x1 |
| 9:50 | justcaem · wall_segment Palisade Wall x1 |
| 10:29 | justcaem · wall_segment Palisade Wall x1 |
| 10:33 | justcaem · wall_segment Palisade Wall x1 |
| 10:34 | justcaem · wall_segment Palisade Wall x1 |
| 10:44 | justcaem · age_up feudal |
| 10:55 | justcaem · first_building Barracks |
| 11:27 | justcaem · wall_segment Palisade Wall x4 |
| 11:34 | justcaem · wall_segment Palisade Wall x1 |
| 11:37 | justcaem · wall_segment Palisade Wall x1 |
| 12:06 | Soloarqueros · age_up feudal |
| 12:31 | Soloarqueros · first_building Archery Range |
| 14:36 | justcaem · first_building Archery Range |
| 15:04 | Soloarqueros · wall_segment Palisade Wall x1 |
| 20:19 | justcaem · wall_segment Palisade Wall x1 |
| 24:44 | Soloarqueros · wall_segment Palisade Wall x1 |
| 24:46 | Soloarqueros · wall_segment Palisade Wall x1 |
| 25:17 | justcaem · first_market_sell 500 stone |
| 25:18 | justcaem · first_market_buy 100 food |
| 26:04 | Soloarqueros · first_market_buy 100 food |
| 26:09 | Soloarqueros · first_market_sell 100 wood |
| 26:30 | justcaem · wall_segment Palisade Wall x1 |
| 28:58 | Soloarqueros · age_up castle |
| 29:05 | Soloarqueros · first_building Siege Workshop |
| 29:22 | justcaem · age_up castle |
| 29:28 | justcaem · first_building Siege Workshop |
| 29:35 | Soloarqueros · first_building Monastery |
| 29:40 | justcaem · first_building Monastery |
| 32:20 | justcaem · resign |
[ AI ANALYSIS · 1 CREDIT ]
What really happened in this match?
Wolo.gg analyzes every decision: build order, eco, micro, common mistakes by bracket. Personalized analysis on WhatsApp or Discord in 30 seconds.
Civ guide
Lithuanians
Perfil
Jugador #3329182